AoeStats
← cmd

African Clearing

504828560Analyzed
3v3 RM · 25d ago on Sep 6, 2026· 58m 59s· 6 players
Game mode
Random Map
Map size
Normal (6 player)
Population
200
Speed
Normal
Resources
Standard
Victory
Conquest
Starting age
Dark Age
Ending age
Imperial Age
RankedLock teamsTeams togetherTeam positionsShared explorationLock speedFull tech treeHidden civsTurbo modeCheats
Victory
Defeat
🇩🇪 Mongols · Germany
970
+15
🇩🇪 Romans · Germany
948
+16
🇩🇪 Franks · Germany
894
+17
🇺🇸 Tupi · United States
966
-17
🇦🇷 Spanish · Argentina
933
-16
🇧🇪 Magyars · Belgium
915
-15
CanineSteak5198
4:12 Loom
15:11 Feudal Age
18:15 Town Watch
21:36 Castle Age
19:54 Double-Bit Axe
23:38 Fletching
28:00 Padded Archer Armor
31:46 Horse Collar
33:15 Wheelbarrow
35:38 Hand Cart
36:53 Gold Mining
38:08 Bow Saw
40:32 Imperial Age
38:35 Squires
39:12 Bodkin Arrow
40:14 Leather Archer Armor
39:39 Pikeman
41:23 Curare
41:26 Bracer
42:41 Scale Mail Armor
42:52 Forging
42:23 Halberdier
43:45 Chain Mail Armor
43:59 Town Patrol
45:02 Conscription
45:44 Elite Blackwood Archer
47:22 Iron Casting
48:48 Ring Archer Armor
50:17 Champi Runner
55:08 Chemistry
56:12 Plate Mail Armor
56:10 Champi Warrior
59:03 Two-Man Saw
58:29 Elite Champi Warrior
Downk
13:04 Feudal Age
15:22 Horse Collar
16:22 Wheelbarrow
16:21 Gold Mining
23:09 Castle Age
22:44 Scale Barding Armor
23:09 Forging
23:41 Bloodlines
27:54 Husbandry
28:17 Chain Barding Armor
29:51 Iron Casting
34:49 Imperial Age
34:05 Stone Mining
34:20 Heavy Plow
34:08 Double-Bit Axe
35:28 Bow Saw
40:18 Pikeman
45:00 Cavalier
47:58 Plate Barding Armor
48:24 Blast Furnace
47:52 Halberdier
49:17 Scale Mail Armor
50:40 Squires
51:46 Two-Man Saw
51:25 Stone Shaft Mining
51:45 Conscription
52:29 Paladin
53:25 Arson
GrabtharHam3598
5:22 Loom
14:38 Feudal Age
23:47 Double-Bit Axe
27:15 Wheelbarrow
30:49 Horse Collar
35:15 Fletching
37:23 Padded Archer Armor
40:33 Castle Age
39:32 Gold Mining
39:33 Stone Mining
40:34 Bloodlines
41:09 Scale Barding Armor
41:24 Thumb Ring
45:18 Gold Shaft Mining
54:04 Bodkin Arrow
54:25 Leather Archer Armor
54:33 Chain Barding Armor
56:01 Bow Saw
helo
9:59 Loom
12:02 Feudal Age
14:47 Man-at-Arms
16:11 Double-Bit Axe
17:41 Wheelbarrow
18:02 Horse Collar
24:32 Castle Age
25:16 Long Swordsman
27:18 Pikeman
28:13 Scale Mail Armor
28:24 Forging
35:48 Hand Cart
35:37 Squires
39:48 Chain Mail Armor
40:09 Iron Casting
42:05 Bow Saw
46:21 Imperial Age
47:34 Heavy Plow
47:36 Legionary
53:29 Ballistas
54:48 Blast Furnace
53:40 Fletching
54:24 Heavy Scorpion
cmd
15:30 Loom
17:16 Feudal Age
19:29 Double-Bit Axe
22:44 Castle Age
22:54 Stone Mining
22:55 Gold Mining
28:00 Scale Barding Armor
29:37 Double-Bit Axe
31:21 Husbandry
32:23 Chain Barding Armor
33:54 #83
33:52 Forging
34:27 Gold Shaft Mining
42:21 Imperial Age
42:05 Bow Saw
42:35 Cavalier
44:02 Plate Barding Armor
44:03 Iron Casting
43:59 Paladin
45:37 Chivalry
46:02 Conscription
47:51 Blast Furnace
48:50 Elite Throwing Axeman
49:51 #83
50:42 Wheelbarrow
50:21 Caravan
54:10 Hoardings
58:24 Scale Mail Armor
59:51 Chain Mail Armor
noname
5:52 Loom
11:43 Feudal Age
13:10 Wheelbarrow
14:02 Double-Bit Axe
14:33 Fletching
14:52 Padded Archer Armor
19:07 Horse Collar
21:07 Wheelbarrow
23:08 Town Watch
25:56 Castle Age
24:40 Scale Barding Armor
25:03 Forging
24:56 Gold Mining
26:56 Bloodlines
26:47 Husbandry
28:58 Bow Saw
28:40 Crossbowman
31:35 Chain Barding Armor
36:56 Iron Casting
41:10 Bodkin Arrow
44:41 Hand Cart
45:26 Leather Archer Armor
50:48 Imperial Age
52:03 Stone Mining
52:49 Gold Shaft Mining
53:57 Fervor
53:22 Elite Steppe Lancer
54:40 Hoardings
54:28 Drill
57:24 Blast Furnace
56:24 Bracer
56:32 Elite Mangudai
58:38 Heavy Scorpion
Connection lost

Rejoining the realm…

Still unreachable

The connection could not be restored.

Session expired

The server has moved on; the page needs a fresh start.